 Dungeon Crawl Stone Soup version 0.30.0-29-ga12c61a403 (webtiles) character file.

Game seed: 550536121836973180

148 Peloso the Trooper (level 5, 0/47 HPs)
             Began as a Minotaur Fighter on June 10, 2023.
             Succumbed to a gnoll's poison
             ... on level 2 of the Dungeon.
             The game lasted 00:02:33 (1578 turns).

Peloso the Trooper (Minotaur Fighter)               Turns: 1578, Time: 00:02:34

Health: 0/47       AC: 17    Str: 21      XL:     5   Next: 8%
Magic:  4/4        EV:  8    Int:  4 (5)  God:
Gold:   106        SH:  4    Dex: 10 (11) Spells: 4/4 levels left

rFire   . . .        a - +0 long sword
rCold   . . .        c - +0 buckler
rNeg    . . .        n - +0 chain mail
rPois   .            (helmet restricted)
rElec   .            (no cloak)
rCorr   .            (no gloves)
SInv    .            (no boots)
Will    .....        (no amulet) Stlth
                     f - +4 ring of protection
HPRegen 0.27/turn    i - +4 ring of protection
MPRegen 0.09/turn

%: no passive effects
@: lethally poisoned (0 -> -6)
A: horns 2, retaliatory headbutt
a: no special abilities


You were on level 2 of the Dungeon.
You visited 1 branch of the dungeon, and saw 3 of its levels.

You collected 106 gold pieces.

Inventory:

Hand Weapons
 a - a +0 long sword (weapon)
Armour
 b - a +0 scale mail
 c - a +0 buckler (worn)
 n - a +0 chain mail (worn)
Jewellery
 f - a +4 ring of protection (left hand)
 g - a ring of poison resistance
 i - a +4 ring of protection (right hand)
 o - a ring of flight
Scrolls
 e - 3 scrolls of blinking {unknown}
 h - 2 scrolls of teleportation {unknown}
 j - a scroll of poison
 k - a scroll of amnesia {unknown}
 l - a scroll of immolation {unknown}
 m - a scroll of identify {unknown}
Potions
 d - a potion of might


   Skills:
 + Level 4.9 Fighting
 + Level 3.9 Long Blades
 + Level 4.5 Armour
 + Level 0.4 Dodging
 + Level 0.1 Stealth
 + Level 4.3 Shields


You had 4 spell levels left.
You didn't know any spells.
Your spell library contained the following spells:

 Spells                   Type           Power      Damage    Failure   Level
 Apportation              Tloc           0%         N/A       99%         1
 Necrotise                Necr           0%         1d4       99%         1
 Summon Small Mammal      Summ           0%         N/A       99%         1
 Ensorcelled Hibernation  Hex/Ice        0%         N/A       100%        2
 Passwall                 Tmut/Erth      0%         N/A       100%        2
 Call Canine Familiar     Summ           0%         N/A       100%        3
 Hailstorm                Conj/Ice       0%         3d3       100%        3
 Ozocubu's Armour         Ice            0%         N/A       100%        3
 Portal Projectile        Hex/Tloc       0%         N/A       100%        3
 Swiftness                Air            0%         N/A       100%        3
 Ice Form                 Ice/Tmut       0%         N/A       100%        4
 Leda's Liquefaction      Hex/Erth       0%         N/A       100%        4
 Simulacrum               Ice/Necr       0%         N/A       100%        6
 Ozocubu's Refrigeration  Ice            0%         4d7       100%        7


Dungeon Overview and Level Annotations

Branches:
Dungeon (3/15)

Altars:


Innate Abilities, Weirdness & Mutations

You have a pair of horns on your head.
You reflexively headbutt those who attack you in melee.


Message History

You now have 106 gold pieces (gained 3).
Found 7 stones.
A gnoll comes into view. It is wielding a +0 flail.
The gnoll shouts!
You hear a shout! 2 gnolls come into view.
A gnoll is wielding a +2 halberd of venom.
The gnoll shouts! x2; You hear a shout!
An endoplasm comes into view.
The endoplasm quivers.
The gnoll barely misses you. You block the gnoll's attack.
You block the gnoll's attack. The gnoll attacks as you move away!
You block the gnoll's attack. The gnoll attacks as you move away!
The gnoll hits you but does no damage. The gnoll attacks as you move away!
You block the gnoll's attack. The gnoll attacks as you move away!
You block the gnoll's attack. The gnoll attacks as you move away!
The gnoll hits you with a +0 flail! The gnoll attacks as you move away!
The gnoll hits you with a +0 flail.
There is a stone staircase leading up here.
You barely miss the gnoll.
The gnoll hits you from afar with a +2 halberd of venom.
You are poisoned.
The gnoll hits you from afar with a +2 halberd of venom.
You are more poisoned.
The gnoll hits you with a +0 flail! The gnoll barely misses you.
You feel very sick. The gnoll hits you with a +0 flail.
* * * LOW HITPOINT WARNING * * *
The endoplasm freezes you.
You are frozen.
* * * LOW HITPOINT WARNING * * *
You block the gnoll's attack.
You climb upwards.
* * * LOW HITPOINT WARNING * * *
You feel very sick.
There is a stone staircase leading down here.
Okay, then.
You barely miss the gnoll. You headbutt the gnoll.
The gnoll is moderately wounded.
You die...

#.#.###.##....# #.#
#.#.........(.#### #.#
#.########....##.## #.# #.#
#......#.## #.# #.######
#.....###.#########.#
.......###....## ##..........#
..###...###....###.###########
..##..........gJ#g##
.##.......###.##@##
.##...........####
###.......##### #.......#
#.#...#.# #.##.##.#
###.......# .......####
########


You could see 2 gnolls and an endoplasm.

Vanquished Creatures
  Pargi (D:3)
  An iguana (D:2)
  An adder (D:2)
  3 bats (D:1)
  An endoplasm (D:1)
  A giant cockroach (D:2)
  2 hobgoblins (D:1)
  2 quokkas (D:1)
  4 ball pythons
  A frilled lizard (D:2)
  2 goblins
  2 kobolds
  2 rats
23 creatures vanquished.

Notes
Turn   | Place    | Note
-------+----------+-------------------------------------------
     0 | D:1      | Peloso the Minotaur Fighter began the quest for the Orb.
     0 | D:1      | Reached XP level 1. HP: 19/19 MP: 0/0
   147 | D:1      | Reached XP level 2. HP: 21/27 MP: 1/1
  1048 | D:2      | Reached XP level 3. HP: 34/34 MP: 2/2
  1512 | D:3      | Noticed Pargi
  1522 | D:3      | Killed Pargi
  1523 | D:3      | Reached XP level 4. HP: 39/41 MP: 3/3
  1523 | D:3      | Reached XP level 5. HP: 45/47 MP: 4/4
  1578 | D:2      | Succumbed to a gnoll's poison

Illustrated notes

Levels and vault maps discovered:
D:1:      dpeg_arrival_round_b, layout_basic
D:2:      layout_loops_ring
D:3:      layout_basic, serial_shops, nicolae_shop_waterfront, shop,
          nicolae_square_shop, shop, nicolae_shop_tiny_waterfront,
          chequers_serial_rivers_micro_a, kennysheep_generic_room_6, uniq_pargi

Skill      XL: |  1  2  3 |
---------------+----------+-----
Fighting       | 4 |  4.9
Armour         | 4 |  4.5
Long Blades    | 3 |  3.9
Shields        | 4 |  4.3
Dodging        | |  0.4
Stealth        | |  0.1

Action                     |  1- 3 |  4- 6 || total
---------------------------+-------+-------++-------
  Melee: Long sword        |    66 |     2 ||    68
         Headbutt          |     9 |     1 ||    10
    Use: Potion            |     3 |       ||     3
         Scroll            |     1 |       ||     1
 Armour: Scale mail        |    27 |       ||    27
         Chain mail        |    13 |     1 ||    14
  Dodge: Dodged            |    40 |     2 ||    42
  Block: Buckler           |    18 |     6 ||    24
